cohdb
Replays
Latest Replays
All Replays
Popular Replays
Top Player Replays
Match Explorer
How It Works
Community
CoH3 Stats
Reddit
Sign in to upload your games and track your stats! →
Sign in with Steam
Match 38789392
Unlisted
Match 38789392
Overview
Messages
Build Orders
End
Panzerpioneer Squad
Selects Armored Support Battlegroup
Selects Armored Support Battlegroup
Selects Armored Support Battlegroup
Panzergrenadier Squad
250 Light Carrier
Construct Light Support Kompanie
Combat Half-tracks
Assault Grenadier Squad
Construct Mechanized Kompanie
8 Rad Armored Car
Selects Salvage Kits
Selects Superior Fire Drills
Marder III Tank Destroyer
Vehicle Survival Package
Support Armor Elements
Assault Mechanized Group
2.5-tonne Medical Truck
Emergency Repair Kits
Selects Panzer Storm
Construct Panzerarmee Kommand
Selects Stuka Anti-tank Loiter
Armored Reserves
sharpshooter
ninjayas
Spades86
RedLeaderToBase
0
0
Comments
sign in to comment!
No comments posted yet!